 Dungeon Crawl Stone Soup version 0.26.0-10-g1f06aea511 (webtiles) character file.

Game seed: 12124039239829790692

117 Arum the Shield-Bearer (level 5, -3/33 HPs)
             Began as a Gargoyle Fighter on Jan 17, 2021.
             Was an Initiate of Ru.
             Killed from afar by an orc wizard (6 damage)
             ... with a magic dart
             ... on level 3 of the Dungeon.
             The game lasted 00:01:58 (1844 turns).

Arum the Shield-Bearer (Gargoyle Fighter)           Turns: 1844, Time: 00:01:58

Health: -3/33      AC: 12    Str: 21    XL:     5   Next: 1%
Magic:  5/5        EV:  7    Int:  8    God:    Ru [......]
Gold:   75         SH:  9    Dex:  9    Spells: 4/4 levels left

rFire    . . .     SeeInvis .   a - +0 flail
rCold    . . .     Faith    .   c - +0 kite shield
rNeg     + . .     Spirit   .   b - +0 scale mail
rPois    ∞         Reflect  .   (no helmet)
rElec    +         Harm     .   o - +0 cloak
rCorr    .         Rampage  .   (no gloves)
Will     .....                  (no boots)
Stlth    ..........             (no amulet)
HPRegen  0.11/turn              (no ring)
MPRegen  0.09/turn              (no ring)

@: slowed, very slow
A: negative energy resistance 1, electricity resistance, unbreathing,
petrification resistance, miasma immunity, AC +4
a: Renounce Religion


You were on level 3 of the Dungeon.
You worshipped Ru.
Ru was noncommittal.
You visited 1 branch of the dungeon, and saw 3 of its levels.

You collected 75 gold pieces.

Inventory:

Hand Weapons
 a - a +0 flail (weapon)
Armour
 b - a +0 scale mail (worn)
 c - a +0 kite shield (worn)
 o - a +0 cloak (worn)
Scrolls
 e - a scroll of fog {unknown}
 f - 7 scrolls of remove curse {unknown}
 i - a scroll of identify {unknown}
 m - 2 scrolls of teleportation {unknown}
 n - a scroll of magic mapping {unknown}
Potions
 d - a potion of might
 g - 2 potions of degeneration {unknown}
 h - 2 potions of cancellation {unknown}
 j - a potion of flight {unknown}
 k - 4 potions of heal wounds {unknown}
 l - a potion of berserk rage {unknown}


   Skills:
 + Level 4.1 Fighting
 + Level 3.0 Maces & Flails
 + Level 4.1 Armour
 + Level 4.2 Shields


You had 4 spell levels left.
You didn't know any spells.
Your spell library was empty.

Dungeon Overview and Level Annotations

Branches:
Dungeon (3/15)

Altars:
Ru
Yredelemnul


Innate Abilities, Weirdness & Mutations

You are resistant to torment.
Your stone body is resilient. (AC +4)
You are immune to poison.
You resist negative energy. (rN+)
You are resistant to electric shocks. (rElec)
You can survive without breathing.
You are immune to petrification.
You are immune to miasma.


Message History

You sock the orc!
You kill the orc!
The orc wizard points at you and mumbles some strange words.
The magic dart hits you!
The orc wizard points at you and mumbles some strange words.
You feel as though you will be slow longer.
The orc wizard hits you but does no damage. x2
Items here: $ ) ? [ ††.
You block the orc wizard's attack.
The orc wizard hits you but does no damage.
You closely miss the orc wizard.
The orc wizard is moderately wounded.
The orc wizard casts a spell.
The orc wizard blinks!
The orc wizard casts a spell at you. The magic dart hits you!
* * * LOW HITPOINT WARNING * * *
The orc wizard gestures at you while chanting.
The magic dart hits you.
You die...

#. .### #.# ... ... #.#
... .. #.# # #.##. #.#
### #....## #)# ... ..
..#.....####.# # #...
#. #.....w†..#†# #.#.#.
#.
#.#.....##.#)###.#.#.##
#.
##......o.@§........##
#.
#....###.............##
#. #.#...
####.####......##### #
#.<. #.# #...#.......
#... #.# #..#_#.#####
.....#####.####...#..#
.#..#.................#
..#####.####....###
##.## #.#.##


You could see an orc wizard (fast).

Vanquished Creatures
  Crazy Yiuf (D:3)
  Natasha (D:3)
  3 dart slugs
  2 leopard geckos
  2 orcs (D:3)
  A ball python (D:2)
  6 bats
  3 giant cockroaches
  6 goblins
  10 hobgoblins
  4 jackals (D:1)
  8 kobolds
  2 rats
49 creatures vanquished.

Notes
Turn   | Place    | Note
-------+----------+-------------------------------------------
     0 | D:1      | Arum the Gargoyle Fighter began the quest for the Orb.
     0 | D:1      | Reached XP level 1. HP: 14/14 MP: 1/1
    29 | D:1      | Reached XP level 2. HP: 5/19 MP: 2/2
   412 | D:1      | Reached XP level 3. HP: 22/23 MP: 3/3
  1053 | D:2      | Found a basalt altar of Yredelemnul.
  1157 | D:2      | Found a sacrificial altar of Ru.
  1165 | D:2      | Became a worshipper of Ru the Awakened
  1659 | D:3      | Found a faded altar of an unknown god.
  1683 | D:3      | Found a runed translucent door.
  1684 | D:3      | Noticed Crazy Yiuf
  1742 | D:3      | Killed Crazy Yiuf
  1743 | D:3      | Reached XP level 4. HP: 26/29 MP: 4/4
  1801 | D:3      | Noticed Natasha
  1831 | D:3      | Killed Natasha
  1834 | D:3      | Reached XP level 5. HP: 21/33 MP: 5/5
  1844 | D:3      | Killed from afar by an orc wizard

Illustrated notes

Levels and vault maps discovered:
D:1:      wander_arrival_peaceful_grave, layout_rooms
D:2:      layout_loops_ring, nicolae_overflow_hidden_temple,
          overflow_temple_1_default, marbit_many_paths, minivault_25
D:3:      layout_loops_ring, fedhas_altar_4, chequers_ecumenical_altar_simple,
          uniq_grinder, uniq_natasha, uniq_crazy_yiuf_cottage

Skill      XL: |  1  2  3  4 |
---------------+-------------+-----
Fighting       | 4 |  4.1
Armour         | 4 |  4.1
Shields        | 4 |  4.2
Maces & Flails | 3 |  3.0

Action                   |  1- 3 |  4- 6 || total
-------------------------+-------+-------++-------
Melee: Flail             |   148 |    30 ||   178
Armor: Scale mail        |    73 |    14 ||    87
Dodge: Dodged            |    60 |     8 ||    68
Block: Kite shield       |    90 |    20 ||   110
